 Dungeon Crawl Stone Soup version 0.17-a0-1802-g9847487 (console) character file.

63 Illiel the Sneak (level 3, -5/21 HPs)
             Began as a High Elf Enchanter on Sept 11, 2015.
             Was an Initiate of Okawaru.
             Slain by a gnoll
             ... wielding a +0 spear
              (9 damage)
             ... on level 2 of the Dungeon.
             The game lasted 00:04:31 (1156 turns).

Illiel the Sneak (High Elf Enchanter)               Turns: 1156, Time: 00:04:31

Health: -5/21      AC:  4    Str:  7    XL:     3   Next: 89%
Magic:  7/8        EV:  8    Int: 19    God:    Okawaru [......]
Gold:   59         SH:  0    Dex: 16    Spells: 3 memorised, 2 levels left

rFire  . . .     SeeInvis .     a - +1 dagger
rCold  . . .     Clarity  .     b - +1 robe
rNeg   . . .     SustAt   .     (no shield)
rPois  .         Gourm    .     (no helmet)
rElec  .         Spirit   .     (no cloak)
rCorr  .         Warding  .     (no gloves)
rMut   .         Stasis   .     q - +0 pair of boots
MR     .....                    (no amulet)
Stlth  ++++......               (no ring)
                                l - ring of stealth

@: not resistant to hostile enchantments, stealthy
A: no striking features
a: Renounce Religion


You were on level 2 of the Dungeon.
You worshipped Okawaru.
Okawaru was noncommittal.
You were very hungry.

You visited 1 branch of the dungeon, and saw 2 of its levels.

You collected 59 gold pieces.

Inventory:

Hand weapons
 a - a +1 dagger (weapon)
Missiles
 i - 16 arrows
Armour
 b - a +1 robe (worn)
 q - a +0 pair of boots (worn)
Jewellery
 l - a ring of stealth (left hand)
Scrolls
 h - a scroll of random uselessness {unknown}
 o - a scroll of amnesia {unknown}
 p - a scroll of enchant weapon {unknown}
Potions
 e - a potion of degeneration {unknown}
 g - a potion of curing {unknown}
 j - a potion of lignification {unknown}
 k - a potion of beneficial mutation {unknown}
 m - a potion of magic {unknown}
 n - 2 potions of haste {unknown}
Books
 c - a book of Maledictions

   Spells                             Type                      Level
   a - Corona                         Hexes                        1
   b - Ensorcelled Hibernation        Hexes/Ice                    2
   c - Confuse                        Hexes                        3
   d - Tukima's Dance                 Hexes                        3
   e - Dazzling Spray                 Conjuration/Hexes            3
Comestibles
 d - a bread ration
 f - 2 meat rations
 r - 2 fruits


   Skills:
 * Level 2.8 Short Blades
 - Level 2.1 Dodging
 * Level 4.1 Stealth
 + Level 3.1 Spellcasting
 + Level 3.3 Hexes


You had 2 spell levels left.
You knew the following spells:

 Your Spells              Type           Power        Failure   Level  Hunger
a - Corona                Hex            ###....      4%          1    None
i - Confuse               Hex            ###.....     12%         3    ###....
j - Ensorcelled Hibernat  Hex/Ice        #.....       14%         2    ##.....


Dungeon Overview and Level Annotations

Branches:
Dungeon (2/15)

Altars:
Okawaru


Message History

You impale the gnoll!!
You kill the gnoll!
Okawaru accepts your kill. The gnoll barely misses you.
Casting: Ensorcelled Hibernation
Confirm with . or Enter, or press ? or * to list all spells.
Aiming: Ensorcelled Hibernation
Press: ? - help, Shift-Dir - straight line, f - gnoll
Aim: a gnoll, wielding a flail (chance to defeat MR: 50%)
The gnoll looks drowsy...
The gnoll misses you.
The helpless gnoll fails to defend itself.
You impale the gnoll!!
You kill the gnoll!
Okawaru accepts your kill.
The gnoll hits you from afar with a spear!
* * * LOW HITPOINT WARNING * * *
You are feeling very hungry.
There is a stone staircase leading up here.
The gnoll hits you from afar with a spear!
You die...

▒)▒ ▒∙▒ ▒▒▒▒∙▒ ▒■▒ ▒∙∙∙∙▒ ▒∙▒
▒∙▒▒▒▒ ▒∙▒ ▒∙▒▒▒▒▒▒▒▒▒▒∙▒▒
▒∙▒∙∙∙∙∙∙▒▒∙∙∙▒▒ ▒∙▒∙▒▒▒▒∙▒∙∙∙∙∙▒
▒∙▒∙∙∙∙∙∙∙∙)∙∙▒▒▒▒▒▒
▒∙∙∙∙∙∙▒∙▒∙▒∙▒∙∙∙∙∙∙
▒▒▒∙▒▒∙∙∙∙∙∙∙>∙▒▒▒▒
▒∙▒▒▒▒∙▒∙▒∙▒▒▒ ▒∙∙∙∙∙∙∙∙▒∙▒
▒▒▒▒▒▒▒▒▒▒∙▒ ▒g▒ ▒∙▒ ▒@▒ ▒▒▒▒▒▒▒▒
▒▒∙▒▒▒▒▒▒▒▒▒∙∙∙∙∙∙∙
▒∙∙∙∙∙∙∙∙∙▒▒∙▒▒▒▒▒∙ ▒▒▒▒▒▒▒▒
▒∙∙▒▒▒▒▒▒∙▒▒∙▒▒▒▒▒∙
∙∙∙∙∙∙∙▒▒▒▒▒∙∙∙▒∙∙∙∙∙∙∙∙∙∙∙▒▒∙
▒▒▒▒▒∙∙∙∙∙)∙∙∙∙∙▒▒▒∙▒▒∙▒▒∙▒▒∙
▒∙∙∙∙∙▒▒▒▒▒∙∙∙▒▒▒ ▒∙▒▒∙▒▒∙▒▒∙
▒∙▒▒▒∙▒ ▒∙∙▒▒▒▒▒▒∙▒▒∙▒▒∙▒▒∙
▒∙▒▒▒∙▒ ▒∙∙∙∙∙∙∙∙∙▒▒∙∙∙∙∙<∙
▒▒▒∙∙∙∙∙▒ ▒▒∙▒▒▒▒▒▒▒▒▒∙▒▒∙▒▒▒
∙∙∙∙∙∙∙∙▒ ▒▒'▒▒ ▒∙▒▒∙∙▒ ▒▒▒▒▒▒▒∙▒
▒▒∙∙∙▒▒ ▒▒∙▒▒▒∙▒ ▒▒▒▒∙▒ ▒▒∙∙∙∙∙▒▒
▒▒∙∙∙▒▒∙∙
▒▒∙▒▒∙▒▒▒∙∙∙∙)∙∙▒▒▒▒∙∙∙∙∙▒▒∙▒
▒▒▒▒▒∙∙∙▒∙▒▒∙∙∙∙∙∙∙∙∙∙▒)∙∙∙∙∙∙▒∙▒
∙∙∙∙∙∙∙∙∙∙∙'∙∙∙∙∙∙∙∙∙')∙∙∙▄∙∙∙∙∙▒
▒▒▒▒▒∙∙∙▒∙▒▒∙∙∙∙∙∙∙∙∙▒▒∙∙∙∙∙∙∙▒▒▒


You could see a gnoll.

Vanquished Creatures
  An adder (D:2)
  3 gnolls (D:2)
  An ooze (D:1)
  2 giant geckos (D:1)
  2 hobgoblins
  A bat (D:2)
  A giant newt (D:1)
  3 goblins (D:2)
  6 kobolds
  7 rats
27 creatures vanquished.

Notes
Turn   | Place    | Note
--------------------------------------------------------------
     0 | D:1      | Illiel the High Elf Enchanter began the quest for the Orb.
     0 | D:1      | Reached XP level 1. HP: 11/11 MP: 4/4
   218 | D:1      | Reached XP level 2. HP: 17/17 MP: 4/6
   297 | D:1      | Learned a level 2 spell: Ensorcelled Hibernation
   940 | D:2      | Reached XP level 3. HP: 21/21 MP: 8/8
   945 | D:2      | Learned a level 3 spell: Confuse
   947 | D:2      | Found an iron altar of Okawaru.
   958 | D:2      | Became a worshipper of Warmaster Okawaru
  1039 | D:2      | Reached skill level 4 in Stealth
  1156 | D:2      | Slain by a gnoll

Vault maps used:
D:1:      dpeg_arrival_pond, serial_forest, infiniplex_forest_split,
          infiniplex_forest_clump_diagonal, infiniplex_forest_clump_C,
          infiniplex_forest_clump_double, minmay_misc_feat_rows
D:2:      lemuel_round_altar

Action                   || total
-------------------------++-------
Melee: Dagger            ||    41
 Cast: Corona            ||     5
       Ensorcelled Hiber ||     7
       Confuse           ||     1
 Stab: Sleeping          ||    19
